 Dungeon Crawl Stone Soup version 0.27.0-1-g7a089689b8 (webtiles) character file.

Game seed: 3434542016881171997

86 Kukuleta the Fighter (level 4, 0/73 HPs)
             Began as a Draconian Gladiator on Aug 8, 2021.
             Succumbed to an adder's poison
             ... on level 3 of the Dungeon.
             The game lasted 00:04:59 (1574 turns).

Kukuleta the Fighter (Draconian Gladiator)          Turns: 1574, Time: 00:05:00

Health: 0/73       AC: 22    Str: 16    XL:     4   Next: 26%
Magic:  4/4        EV:  2    Int:  7    God:
Gold:   33         SH:  0    Dex: 15    Spells: 3/3 levels left

rFire    . . .     SeeInvis .   a - +0 long sword
rCold    . . .     Faith    .   (no shield)
rNeg     + + +     Spirit   .   (armour unavailable)
rPois    +         Reflect  .   (helmet currently unavailable)
rElec    .         Harm     .   (cloak currently unavailable)
rCorr    .         Rampage  .   (gloves currently unavailable)
Will     .....     NoTele   +   (boots currently unavailable)
Stlth    +.........             (no amulet)
HPRegen  0.22/turn              (no ring)
MPRegen  0.09/turn              (no ring)

@: lethally poisoned (0 -> -2), tree-form (expiring), attractive, hasted, very
quick
A: stationary, stasis, torment immunity, boosted hp, AC +5, unfitting armour,
(cold-blooded), agile 1, dopey 1
a: no special abilities


You were on level 3 of the Dungeon.
You were a tree.
You visited 1 branch of the dungeon, and saw 3 of its levels.

You collected 33 gold pieces.

Inventory:

Hand Weapons
 a - a +0 long sword (weapon)
Missiles
 c - 3 throwing nets (quivered)
Armour
 b - a +0 hat (melded)
Scrolls
 e - a scroll of summoning {unknown}
 f - 3 scrolls of enchant weapon {unknown}
 g - a scroll of teleportation {unknown}
Potions
 i - a potion of lignification


   Skills:
 * Level 8.7 Fighting
 + Level 6.3 Long Blades
 - Level 1.8 Throwing
 + Level 5.7 Dodging


You had 3 spell levels left.
You didn't know any spells.
Your spell library contained the following spells:

 Spells                   Type           Power      Damage    Failure   Level
 Sublimation of Blood     Necr           0%         N/A       56%         2
 Petrify                  Tmut/Erth      0%         N/A       99%         4
 Irradiate                Conj/Tmut      0%         3d13      100%        5


Dungeon Overview and Level Annotations

Branches:
Dungeon (3/15)

Altars:

Annotations:
D:2 Sigmund


Innate Abilities, Weirdness & Mutations

You are a tree.
Your roots penetrate the ground, keeping you stationary.
You cannot be teleported.
You are immune to unholy pain and torment.
Your maximum health is greatly increased.
Your equipment is partially melded.
((Your plain brown scales are hard. (AC +5)))
You cannot fit into any form of body armour.
((You are cold-blooded and may be slowed by cold attacks.))
You are agile. (Dex +2)
You are dopey. (Int -2)


Message History

A goblin comes into view. It is wielding a +0 club.
The orc hits you but does no damage.
You cannot move.
You closely miss the orc. The orc hits you but does no damage.
You closely miss the orc. The orc hits you but does no damage. x2
You barely miss the orc. The orc hits you but does no damage.
You closely miss the orc. The orc hits you with a +0 short sword.
* * * LOW HITPOINT WARNING * * *
You slash the orc!
You kill the orc!
The adder bites you but does no damage.
You closely miss the adder. The adder bites you but does no damage.
You closely miss the adder.
The adder bites you but does no damage. x2
You miss the adder. The adder bites you but does no damage.
The adder bites you.
* * * LOW HITPOINT WARNING * * *
You are lethally poisoned!
The adder poisons you!
Okay, then.
It was a potion of mutation.
You feel extremely strange.
You feel stupid.
You feel agile.
* * * LOW HITPOINT WARNING * * *
You feel sick. The adder bites you.
* * * LOW HITPOINT WARNING * * *
It was a potion of experience.
You feel more experienced!
Your Fighting skill gained 5 levels and is now at level 8!
Your Long Blades skill gained 3 levels and is now at level 6!
Your Dodging skill gained 2 levels and is now at level 5!
You have reached level 4!
You feel clever.
* * * LOW HITPOINT WARNING * * *
You feel sick. The adder barely misses you.
You riposte.
You hit the adder.
The adder is lightly wounded.
It was a potion of attraction.
You feel attractive to monsters.
Your transformation is almost over.
* * * LOW HITPOINT WARNING * * *
You feel sick.
The adder bites you but does no damage. x2
It was a potion of haste.
You feel yourself speed up.
You die...

.........####...#......≈≈≈≈
..#####o## #...#......≈≈≈≈
#.#####.).#......≈≈##
#g........####+..≈≈#.
#o#####...# #.#.≈≈#. #.#
#<....## #...≈≈## #.#
###.#..# #...≈≈.8
...###o#####.#..###...≈≈.#
.......ggS♣............≈≈.#
###.###r####...........≈≈.#
.... #.##...##...≈≈.8
...... #. #.#.###..≈≈##
......g.# # #.#.. ..≈≈#.
......... ...... ..≈≈#.
##....r.. .#.##.. #.≈≈##
#..... ..#. #.# .≈≈≈≈


You could see an adder, an orc, a quokka and 2 goblins.

Vanquished Creatures
  A worm (D:3)
  A dart slug (D:1)
  An orc (D:3)
  A ball python (D:1)
  4 bats
  2 endoplasms
  5 goblins
  3 hobgoblins
  2 kobolds
  A quokka (D:1)
  5 frilled lizards (D:1)
  6 rats
32 creatures vanquished.

Notes
Turn   | Place    | Note
-------+----------+-------------------------------------------
     0 | D:1      | Kukuleta the Draconian Gladiator began the quest for the
                  | Orb.
     0 | D:1      | Reached XP level 1. HP: 17/17 MP: 1/1
   179 | D:1      | Reached XP level 2. HP: 25/25 MP: 2/2
  1165 | D:2      | Reached XP level 3. HP: 30/30 MP: 3/3
  1231 | D:2      | Noticed Sigmund
  1256 | D:2      | Found a faded altar of an unknown god.
  1507 | D:3      | Reached skill level 3 in Fighting
  1571 | D:3      | Gained mutation: You are dopey. (Int -2) [potion of
                  | mutation]
  1571 | D:3      | Gained mutation: You are agile. (Dex +2) [potion of
                  | mutation]
  1571 | D:3      | HP: 2/46 [poisoned by an adder]
  1572 | D:3      | Reached skill level 8 in Fighting
  1572 | D:3      | Reached skill level 5 in Dodging
  1572 | D:3      | Reached XP level 4. HP: 2/49 MP: 4/4
  1574 | D:3      | Succumbed to an adder's poison

Illustrated notes

Levels and vault maps discovered:
D:1:      dpeg_arrival_stonehenge_8_columns, layout_basic
D:2:      layout_basic, shapermc_ecumenical_altar_venn, uniq_sigmund
D:3:      layout_basic, gammafunk_ghost_gnarly_gnolls, kennysheep_path_1,
          uniq_jessica, uniq_terence, uniq_ijyb

Skill      XL: |  1  2  3 |
---------------+----------+-----
Dodging        | 3 5 |  5.7
Fighting       | 8 |  8.7
Long Blades    | 6 |  6.3
Throwing       | |  1.8

Action                   |  1- 3 |  4- 6 || total
-------------------------+-------+-------++-------
Melee: Long sword        |    98 |       ||    98
       Tailslap          |     9 |       ||     9
  Use: Potion            |     3 |     2 ||     5
 Stab: Distracted        |     1 |       ||     1
Armor: Skin              |    50 |     2 ||    52
Dodge: Dodged            |    59 |     1 ||    60
       Rpst.: Long sword |    15 |     1 ||    16
